[Event "87th Tata Steel Challengers 2025"]
[Site "Wijk aan Zee"]
[Date "2025.01.21"]
[Round "4.7"]
[White "Yakubboev, Nodirbek"]
[Black "Vaishali, Rameshbabu"]
[Result "0-1"]
[Annotator "TA"]
[ECO "D52"]
[WhiteElo "2659"]
[BlackElo "2476"]
[PlyCount "64"]
[EventDate "2025.01.13"]
[EventType "tourn"]
[EventCountry "NED"]
[SourceTitle "playchess.com"]
[Source "ChessBase"]
[SourceQuality "1"]
[TimeControl "40/6000+30:20/3000+30:900+30"]

1. d4 d5 2. Nf3 Nf6 3. c4 e6 4. Nc3 c6 5. Bg5 Nbd7 6. e3 Qa5 7. Nd2 dxc4 8. Bxf6 Nxf6 9. Nxc4 Qc7 10. Rc1 Bd6 11. f4 O-O 12. Bd3 Be7 13. O-O c5 14. Qe2 Bd7 15. dxc5 Qxc5 16. Ne5 Rfc8 17. Rc2 {[%emt 0:24:13] Hoping for Ne4.} Be8 18. Rfc1 Rd8 19. Nb5 {[%emt 0:08:43][%cal Bc3b5,Bb5c7,Bc7a6,Ba6c5,Bc5b3,Bb3d4][%mdl 32] Excellent horsemanship.} Qb6 {[%emt 0:00:28][%cal Od8d3] ...Rxd3! is the strong threat.} 20. Nc7 Rab8 21. Kh1 {[%emt 0:05:27] [#]} ({White should try} 21. Nxe8 $11 Rxe8 22. a3) 21... Bc6 $1 $15 22. Nxc6 bxc6 23. Na6 Rbc8 24. Nc5 Rd5 25. Nb3 h5 26. Bc4 Rd7 27. Nd4 Ng4 28. Ba6 Rcc7 $1 29. Rxc6 (29. Nxc6 Bf6 30. a4 (30. e4 Bxb2 31. Rb1 Rxc6 $17) 30... Rd6 $17 (30... Qxe3 $2 31. Qxe3 Nxe3 32. Ne7+ Rxe7 33. Rxc7 $18) (30... Nxe3 31. a5 $16)) 29... Bf6 30. Bc8 (30. h3 $11 Nxe3 (30... Bxd4 31. Rxc7 Rxc7 32. Rxc7 $11) 31. Rxb6 (31. Rxc7 Rxc7 32. Rxc7 Qxc7 $17) 31... Rxc1+ 32. Kh2 Nf1+ (32... axb6 $2 {too greedy.} 33. Qxe3 Ra1 34. Nxe6 $18) 33. Qxf1 Rxf1 34. Rb8+ Bd8 35. Bxf1 Rxd4 36. Kg3) 30... Rxc6 $17 31. Rxc6 {[%emt 0:00:23] [#]} Rc7 $1 32. Bd7 $2 (32. Rxc7 $17 {was the crucial defense.} Qxc7 33. Qc2) 32... Bxd4 0-1